 Dungeon Crawl Stone Soup version 0.20-a0-864-g92acfd1 (webtiles) character file.

44 dvd the Grasshopper (level 3, 0/27 HPs)
             Began as a Demonspawn Warper on Mar 12, 2017.
             Slain by a worm (7 damage)
             ... on level 2 of the Dungeon.
             The game lasted 00:02:57 (1791 turns).

dvd the Grasshopper (Demonspawn Warper)             Turns: 1791, Time: 00:02:57

Health: 0/27       AC:  6    Str:  6    XL:     3   Next: 39%
Magic:  6/6        EV: 11    Int: 14    God:
Gold:   62         SH:  0    Dex: 12    Spells: 2/6 levels left

rFire    . . .     SeeInvis .   a - +0 falchion
rCold    . . .     Gourm    .   l - +0 ring mail (curse)
rNeg     . . .     Faith    .   (no shield)
rPois    .         Spirit   .   (no helmet)
rElec    .         Reflect  .   (no cloak)
rCorr    .         Harm     .   (no gloves)
MR       .....                  q - +0 pair of boots
Stlth    +.........             (no amulet)
Regen    0.1/turn               (no ring)
MPRegen  0.1/turn               k - -6 ring of strength (curse)

@: no status effects
A: claws 1, repulsion field 1
a: no special abilities


You were on level 2 of the Dungeon.
You were very hungry.

You visited 1 branch of the dungeon, and saw 2 of its levels.

You collected 62 gold pieces.

Inventory:

Hand Weapons
 a - a +0 falchion (weapon)
 i - a +0 mace
Missiles
 e - 5 tomahawks of dispersal (quivered)
Armour
 b - a +0 leather armour
 l - a cursed +0 ring mail (worn)
 q - a +0 pair of boots (worn)
Jewellery
 k - a cursed -6 ring of strength (left claw)
Scrolls
 d - a scroll of blinking
 h - a scroll of magic mapping
 m - a scroll of enchant weapon {unknown}
 n - a scroll of noise {unknown}
 s - a scroll of identify
Potions
 g - 2 potions of curing {unknown}
 j - 2 potions of flight {unknown}
 o - 2 potions of ambrosia {unknown}
 p - a potion of lignification {unknown}
Books
 c - a book of Spatial Translocations

   Spells                             Type                      Level
   a - Blink                          Translocation                2
   b - Shroud of Golubria             Charms/Translocation         2
   c - Lesser Beckoning               Translocation                3
   d - Gell's Gravitas                Translocation                3
   e - Teleport Other                 Translocation                3
   f - Passage of Golubria            Translocation                4
Comestibles
 f - 2 bread rations
 r - a royal jelly


   Skills:
 + Level 2.2 Fighting
 + Level 2.6 Long Blades
 + Level 0.8 Throwing
 + Level 1.2 Armour
 + Level 2.0 Dodging
 + Level 2.1 Spellcasting
 * Level 2.9 Translocations


You had 2 spell levels left.
You knew the following spells:

 Your Spells              Type           Power        Failure   Level  Hunger
a - Blink                 Tloc           N/A          52%         2    ###....
b - Shroud of Golubria    Chrm/Tloc      #.........   86%         2    ###....


Dungeon Overview and Level Annotations

Branches:
Dungeon (2/15)

Altars:


Innate Abilities, Weirdness & Mutations

You have sharp fingernails.
You are surrounded by a mild repulsion field. (EV +2)


Message History

You barely miss the worm.
The worm is moderately wounded.
The bat closely misses you.
You riposte.
Your ring mail prevents you from hitting the bat.
The worm bites you.
You hit the worm.
The worm is heavily wounded.
The bat hits you but does no damage. The worm closely misses you.
You are feeling very hungry.
You barely miss the worm.
The worm is heavily wounded.
The bat hits you but does no damage.
You barely miss the worm.
The worm is heavily wounded.
The bat hits you but does no damage. The worm bites you!
* * * LOW HITPOINT WARNING * * *
Your ring mail prevents you from hitting the worm.
The worm is heavily wounded.
The bat hits you but does no damage. x2; The worm bites you!
You die...

#############
##.....#.....##
##......@......##
#........w......#
#........b......#
#...............########
#......................#
#......................#
#......................#
##.....>....<.......>..#
##...........##.>.....#


You could see a worm and a bat.

Vanquished Creatures
  An adder (D:2)
  An ooze (D:1)
  4 dart slugs (D:1)
  A leopard gecko (D:1)
  3 giant cockroaches (D:1)
  2 goblins (D:1)
  3 hobgoblins (D:1)
  A ball python (D:1)
  A frilled lizard (D:2)
  2 kobolds (D:1)
  2 rats (D:1)
21 creatures vanquished.

Notes
Turn   | Place    | Note
-------+----------+-------------------------------------------
     0 | D:1      | dvd the Demonspawn Warper began the quest for the Orb.
     0 | D:1      | Reached XP level 1. HP: 16/16 MP: 3/3
   311 | D:1      | Gained mutation: You are surrounded by a mild repulsion field. (EV +2) [demonic ancestry]
   311 | D:1      | Reached XP level 2. HP: 15/22 MP: 5/5
   446 | D:1      | Learned a level 2 spell: Blink
   939 | D:1      | Learned a level 2 spell: Shroud of Golubria
   966 | D:1      | Reached skill level 1 in Armour
  1147 | D:1      | Gained mutation: You have sharp fingernails. [demonic ancestry]
  1147 | D:1      | Reached XP level 3. HP: 21/27 MP: 6/6
  1168 | D:1      | You fall through a shaft!
  1791 | D:2      | Slain by a worm

Vault maps used:
D:1:      lightli_arrival_maybe_door_vault

Skill      XL: |  1  2 |
---------------+-------+-----
Long Blades    | 2 |  2.6
Dodging        | 2 |  2.0
Armour         | 1 |  1.2
Fighting       | |  2.2
Throwing       | |  0.8
Spellcasting   | |  2.1
Translocations | |  2.9

Action                   || total
-------------------------++-------
Melee: Falchion          ||   136
  Use: Scroll            ||     1
  Eat: Chunk             ||     2
Armor: Leather armour    ||    11
       Ring mail         ||    47
Dodge: Dodged            ||    89
       Rpst.: Falchion   ||    30
